 Dungeon Crawl Stone Soup version 0.23-a0-629-gae4348f (webtiles) character file.

37 Lanoc the Ducker (level 3, -2/33 HPs)
             Began as a Troll Enchanter on Dec 25, 2018.
             Slain by a water moccasin (7 damage)
             ... on level 2 of the Dungeon.
             The game lasted 00:02:53 (1108 turns).

Lanoc the Ducker (Troll Enchanter)                  Turns: 1108, Time: 00:02:53

Health: -2/33      AC:  5    Str: 15 (17) XL:     3   Next: 21%
Magic:  3/3        EV: 15    Int: 14 (15) God:
Gold:   59         SH:  0    Dex: 14 (15) Spells: 1/4 levels left

rFire    . . .     SeeInvis .   (no weapon)
rCold    . . .     Gourm    +   (no shield)
rNeg     . . .     Faith    .   b - +0 robe
rPois    .         Spirit   .   (helmet restricted)
rElec    .         Reflect  .   (no cloak)
rCorr    .         Harm     .   (gloves unavailable)
MR       .....                  (boots unavailable)
Stlth    +++.......             (no amulet)
HPRegen  0.51/turn              g - +4 ring of intelligence
MPRegen  0.08/turn              (no ring)

@: agile, lethally poisoned (-2 -> -19)
A: large, unfitting armour, claws 3, fast metabolism 3, gourmand, regeneration
1, shaggy fur 1, tough skin 2
a: no special abilities


You were on level 2 of the Dungeon.
You were very hungry.

You visited 1 branch of the dungeon, and saw 2 of its levels.

You collected 59 gold pieces.

Inventory:

Hand Weapons
 a - a +1 dagger
Armour
 b - a +0 robe (worn)
Jewellery
 g - a +4 ring of intelligence (left claw)
Scrolls
 c - a scroll of amnesia {unknown}
 e - a scroll of identify {unknown}
 f - a scroll of remove curse {unknown}
 j - a scroll of random uselessness {unknown}
Comestibles
 d - 7 rations


   Skills:
 + Level 1.4 Fighting
 - Level 0.7 Short Blades
 + Level 2.3 Dodging
 - Level 1.5 Stealth
 + Level 0.5 Unarmed Combat
 - Level 1.2 Spellcasting
 - Level 2.0 Hexes


You had one spell level left.
You knew the following spells:

 Your Spells              Type           Power        Failure   Level  Hunger
a - Corona                Hex            #......      12%         1    ##.....
b - Ensorcelled Hibernat  Hex/Ice        #.....       26%         2    ###....

Your spell library contained the following spells:

 Spells                   Type           Power        Failure   Level  Hunger
 Confuse                  Hex            #.......     34%         3    ####...
 Tukima's Dance           Hex            #.......     34%         3    ####...
 Dazzling Spray           Conj/Hex       #.....       45%         3    ####...


Dungeon Overview and Level Annotations

Branches:
Dungeon (2/15)

Altars:
Gozag


Innate Abilities, Weirdness & Mutations

You are too large for most types of armour.
You have claws for hands.
Your metabolism is lightning-fast.
You like to eat raw meat.
Your natural rate of healing is unusually fast.
You are covered in fur. (AC +1)
You have very tough skin. (AC +2)


Message History

The water moccasin bites you but does no damage.
The water moccasin bites you!
You are more poisoned.
The water moccasin poisons you!
It was a potion of degeneration.
There was something very wrong with that liquid.
You feel weakened.
You feel dopey.
You feel clumsy.
You feel sick. The water moccasin bites you.
You are lethally poisoned!
The water moccasin poisons you!
It was a potion of agility.
You feel agile all of a sudden.
You feel very sick. The water moccasin closely misses you.
The water moccasin bites you.
* * * LOW HITPOINT WARNING * * *
You scratch the water moccasin.
The water moccasin is moderately wounded.
* * * LOW HITPOINT WARNING * * *
You feel sick. The water moccasin bites you!
You die...

#.......# ####.#### #.#
#.# ###### # ## #.#
#..... .###.#
#.####.#### # #.#.#
##.#........
#.#####.S####....##.###.
#......@.........##.# #.
####.########...###.###.
#.# ##.## #....> #.# #.#
###### #######.## #.#
##........# #+#
#.........# #..#####..#
# #..##.....# ##


You could see a water moccasin.

Vanquished Creatures
  A worm (D:2)
  3 dart slugs (D:1)
  3 leopard geckos
  4 bats
  A goblin (D:1)
  5 hobgoblins
  4 frilled lizards
  2 kobolds
  2 rats (D:2)
25 creatures vanquished.

Notes
Turn   | Place    | Note
-------+----------+-------------------------------------------
     0 | D:1      | Lanoc the Troll Enchanter began the quest for the Orb.
     0 | D:1      | Reached XP level 1. HP: 16/16 MP: 1/1
   153 | D:1      | Reached XP level 2. HP: 26/26 MP: 2/2
   300 | D:1      | Reached skill level 1 in Fighting
   666 | D:2      | Reached XP level 3. HP: 33/33 MP: 3/3
   698 | D:2      | Learned a level 2 spell: Ensorcelled Hibernation
   821 | D:2      | Found an opulent altar of Gozag.
  1095 | D:2      | Noticed a water moccasin
  1108 | D:2      | Slain by a water moccasin

Vault maps used:
D:1:      dpeg_arrival_simpleton_b
D:2:      nicolae_overflow_hidden_temple, first_ration, grunt_gozag_breadcrumbs

Skill      XL: |  1  2 |
---------------+-------+-----
Dodging        | 2 |  2.3
Fighting       | 1 |  1.4
Short Blades   | |  0.7
Stealth        | |  1.5
Unarmed Combat | |  0.5
Spellcasting   | |  1.2
Hexes          | |  2.0

Action                   || total
-------------------------++-------
Melee: Unarmed           ||    68
       Dagger            ||     9
  Use: Potion            ||     2
 Stab: Sleeping          ||     6
  Eat: Chunk             ||     6
Armor: Robe              ||    30
Dodge: Dodged            ||    37

Table legend:
 A = Non-vault XP
 B = Vault XP
 C = Vault XP percentage of total XP
 D = Non-vault monster count
 E = Vault monster count
 F = Vault count percentage of total count
                 A         B        C        D         E       F
            +---------+---------+-------+---------+---------+-------
      Total |      53 |       0 |   0.0 |      25 |       0 |   0.0
            +---------+---------+-------+---------+---------+-------
        D:1 |      33 |       0 |   0.0 |      15 |       0 |   0.0
        D:2 |      20 |       0 |   0.0 |      10 |       0 |   0.0
            +---------+---------+-------+---------+---------+-------
